 Dungeon Sprint DCSS version 0.27.1 (webtiles) character file.

Game seed: 6687024598715490447

2401 styxcanada the Imperceptible (level 9, 0/48 HPs)
             Began as a Spriggan Brigand on Aug 29, 2021.
             Was an Initiate of Gozag.
             Splashed by an oklob plant's acid (13 damage)
             ... in the Dungeon (Sprint IV: "Fedhas' Mad Dash").
             The game lasted 00:06:12 (921 turns).

styxcanada the Imperceptible (Spriggan Brigand)      Turns: 921, Time: 00:06:14

Health: 0/48       AC:  3    Str:  7    XL:     9   Next: 23%
Magic:  10/10      EV: 24    Int: 12    God:    Gozag
Gold:   573        SH:  7    Dex: 20    Spells: 8/8 levels left

rFire    . . .     SeeInvis +   a - +2 dagger (vamp)
rCold    . . .     Faith    .   p - +0 buckler
rNeg     . . .     Spirit   .   b - +0 robe
rPois    .         Reflect  .   (helmet restricted)
rElec    .         Harm     .   c - +0 cloak
rCorr    .         Rampage  .   (gloves unavailable)
Will     +....     NoTele   +   (boots unavailable)
Stlth    ++++++++..             m - amulet of invisibility {+Inv}
HPRegen  0.16/turn              (no ring)
MPRegen  0.12/turn              (no ring)

@: gold aura, on berserk cooldown, very slightly contaminated, slowed, quick
A: very small, no large weapons, unfitting armour, see invisible, speed 3
a: Renounce Religion, Evoke Invisibility, Potion Petition, Call Merchant, Bribe
Branch


You were in the Dungeon.
You worshipped Gozag.
Gozag was pleased with you.
You visited 1 branch You collected 1279 gold pieces.
You spent 706 gold pieces at shops.

Inventory:

Hand Weapons
 a - a +2 vampiric dagger (weapon)
Missiles
 d - 7 poisoned darts (quivered)
 e - 2 curare-tipped darts
 l - a throwing net
 r - 14 sling bullets
Armour
 b - a +0 robe (worn)
 c - a +0 cloak (worn)
 p - a +0 buckler (worn)
 q - a +1 cloak
Jewellery
 m - the amulet of invisibility (around neck) {+Inv}
   (You found it in the Dungeon)

   [amulet of nothing]

   +Inv:      It lets you turn invisible.
Scrolls
 k - a scroll of blinking
 n - 4 scrolls of identify
 o - a scroll of vulnerability
 s - a scroll of immolation
Potions
 f - a potion of curing
 g - a potion of heal wounds
 h - a potion of haste
 i - 2 potions of magic


   Skills:
 * Level 6.0 Fighting
 + Level 4.8 Short Blades
 + Level 6.1 Throwing
 * Level 9.4 Dodging
 * Level 21.2 Stealth
 * Level 4.0 Shields
 * Level 8.8 Evocations


You had 8 spell levels left.
You didn't know any spells.
Your spell library was empty.

Dungeon Overview and Level Annotations

Branches:
Dungeon (1/1)

Altars:
Cheibriados
Dithmenos
Elyvilon
Gozag
Hepliaklqana
Kikubaaqudgha
Makhleb
Nemelex Xobeh
Okawaru
Qazlal
Ru
Sif Muna
Trog
Uskayaw
Vehumet
Wu Jian
Xom
Yredelemnul
Zin
The Shining One
Beogh
Jiyva
Lugonu

Shops:
D [*[?

Annotations:
D exclusion: oklob plant


Innate Abilities, Weirdness & Mutations

You are very small and have problems with some larger weapons.
You are too small for most types of armour.
You have supernaturally acute eyesight. (SInv)
You cover ground extremely quickly. (Speed+++)


Message History

You hit the oklob plant.
The oklob plant is lightly damaged.
The oklob plant spits acid at you. The splash of acid hits you!
The acid corrodes you!
You are splashed with acid!
You hit the oklob plant but do no damage.
The oklob plant is lightly damaged.
You hit the oklob sapling but do no damage.
You hit the oklob sapling but do no damage.
You flicker for a moment.
The oklob sapling is distracted by your dazzling golden aura.
Unknown command.
You hit the oklob sapling but do no damage.
The oklob sapling is no longer distracted by gold.
You strike the helpless oklob sapling from behind!
You perforate the oklob sapling like a sieve!!!
You destroy the oklob sapling!
The oklob plant spits acid at you. The splash of acid misses you.
You catch the helpless oklob plant completely off-guard!
You stick the oklob plant like a pincushion!!!
The oklob plant is almost destroyed.
The oklob plant spits acid at something.
You flicker back into view.
You hit the oklob plant but do no damage.
The oklob plant is almost destroyed.
The oklob plant is distracted by your dazzling golden aura.
You hit the oklob plant but do no damage.
The oklob plant is no longer distracted by gold.
The oklob plant is almost destroyed.
You hit the oklob plant but do no damage.
The oklob plant is almost destroyed.
You hit the oklob plant but do no damage.
The oklob plant is almost destroyed.
You are no longer corroded.
The oklob plant spits acid at you. The splash of acid hits you!
* * * LOW HITPOINT WARNING * * *
You are splashed with acid!
You die...
Your body crumbles into a pile of gold.

#PP..'.)...'.#().'.._._._._._..
#PPPP#.....#.#...#..._._._._...
###############'##.._._._._._..
#...♣........'...#._._._._._.⌠.
#......♣.....#...##############
#.....♣..♣..######*****,,*,***,
##'####'######$[+,,,,,,*,,***,,
#..#....'$......#*,,***,*,,***,
#..#.[###$...P@.#,**,,*,$$*+,,$
#######*#########**************
*,,,,,,,,,,,,,,,,,,,,,,* ***,
*∩,,,,,,,,,,,,,,,,,,,,,*****,,,
*∩,,,,,,,,,,,,,,,,,,,,,,,,,,,,,
*∩,,,,,,,,,,,,,,,,,,,,,,,******
***********+************** ****
*,,,,,,,,,,* ***,,*****,,,
*,,,,,,,,,,* *,,,,+,,,,,,,


You could see an oklob plant.

Vanquished Creatures
  An oklob plant (D)
  3 burning bushes (D)
  A queen bee (D)
  3 wandering mushrooms (D)
  3 scorpions (D)
  4 killer bees (D)
  5 oklob saplings (D)
  2 spriggans (D)
  A river rat (D)
  A rat (D)
24 creatures vanquished.

Vanquished Creatures (others)
  A fungus (D)
1 creature vanquished.

Grand Total: 25 creatures vanquished

Notes
Turn   | Place    | Note
-------+----------+-------------------------------------------
     0 | D        | styxcanada the Spriggan Brigand began the quest for the
                  | Orb.
     0 | D        | Reached XP level 1. HP: 10/10 MP: 2/2
    16 | D        | Reached skill level 7 in Stealth
    16 | D        | Reached XP level 2. HP: 15/15 MP: 3/3
    40 | D        | Noticed an oklob sapling
    42 | D        | Killed an oklob sapling
    43 | D        | Reached skill level 9 in Stealth
    43 | D        | Reached XP level 3. HP: 18/18 MP: 4/4
    44 | D        | Noticed a scorpion
    44 | D        | Found the amulet of invisibility {+Inv}
    46 | D        | Killed a scorpion
    47 | D        | Reached skill level 12 in Stealth
    47 | D        | Reached XP level 4. HP: 23/23 MP: 5/5
    66 | D        | Found an opulent altar of Gozag.
    66 | D        | Found a hazy altar of Hepliaklqana.
    66 | D        | Found a burning altar of Makhleb.
    66 | D        | Found a sparkling altar of Nemelex Xobeh.
    66 | D        | Found a snail-covered altar of Cheibriados.
    66 | D        | Found a sacrificial altar of Ru.
    66 | D        | Found a shimmering blue altar of Sif Muna.
    66 | D        | Found a shimmering altar of Xom.
    66 | D        | Found a basalt altar of Yredelemnul.
    67 | D        | Found a viscous altar of Jiyva.
    67 | D        | Found a bloodstained altar of Trog.
    67 | D        | Found an ornate altar of the Wu Jian Council.
    68 | D        | Found an iron altar of Okawaru.
    68 | D        | Found a shadowy altar of Dithmenos.
    68 | D        | Found a glowing silver altar of Zin.
    69 | D        | Found an ancient bone altar of Kikubaaqudgha.
    69 | D        | Found a hide-covered altar of Uskayaw.
    70 | D        | Found a stormy altar of Qazlal.
    70 | D        | Found a white marble altar of Elyvilon.
    70 | D        | Found a glowing golden altar of the Shining One.
    71 | D        | Became a worshipper of Gozag Ym Sagoz the Greedy
    72 | D        | Found a corrupted altar of Lugonu.
    72 | D        | Found a radiant altar of Vehumet.
    76 | D        | Reached skill level 13 in Stealth
    76 | D        | Reached XP level 5. HP: 28/28 MP: 3/6
    88 | D        | Reached skill level 14 in Stealth
   118 | D        | Reached skill level 5 in Dodging
   119 | D        | Reached skill level 15 in Stealth
   119 | D        | Reached skill level 1 in Evocations
   159 | D        | Reached XP level 6. HP: 13/33 MP: 7/7
   206 | D        | Found Pyachar's Assorted Antiques.
   206 | D        | Found Rofinint's Armour Emporium.
   220 | D        | Bought a scroll labelled XOUMEAN HESA for 23 gold pieces
   220 | D        | Bought a scroll labelled ROHYXK ONNIPNO for 23 gold pieces
   220 | D        | Bought a scroll labelled XOUMEAN HESA for 23 gold pieces
   220 | D        | Bought a scroll labelled XOUMEAN HESA for 23 gold pieces
   220 | D        | Bought a scroll labelled XOUMEAN HESA for 23 gold pieces
   220 | D        | Bought a buckler for 103 gold pieces
   364 | D        | Noticed a burning bush
   364 | D        | Noticed a wandering mushroom
   365 | D        | Noticed a wandering mushroom
   368 | D        | Killed a burning bush
   369 | D        | Reached skill level 17 in Stealth
   369 | D        | Reached skill level 1 in Shields
   369 | D        | Killed a wandering mushroom
   370 | D        | Reached skill level 5 in Throwing
   370 | D        | Reached XP level 7. HP: 38/38 MP: 5/8
   370 | D        | Killed a wandering mushroom
   371 | D        | Reached skill level 18 in Stealth
   371 | D        | Reached skill level 5 in Evocations
   373 | D        | Reached skill level 5 in Fighting
   385 | D        | Found Uczetuz's Magic Scroll Emporium.
   385 | D        | Found Pufyarup's Armour Shoppe.
   390 | D        | Bought a +1 cloak for 138 gold pieces
   392 | D        | Bought a scroll of brand weapon for 260 gold pieces
   392 | D        | Bought a scroll of immolation for 45 gold pieces
   392 | D        | Bought a scroll of magic mapping for 45 gold pieces
   448 | D        | Noticed a queen bee
   455 | D        | Killed a queen bee
   456 | D        | Reached skill level 19 in Stealth
   456 | D        | Reached XP level 8. HP: 43/43 MP: 7/9
   536 | D        | Noticed an oklob plant
   539 | D        | Killed an oklob plant
   540 | D        | Reached skill level 20 in Stealth
   553 | D        | Noticed a burning bush
   820 | D        | Identified the +0 robe of the Snail {Int+3}
   821 | D        | Killed a burning bush
   822 | D        | Reached XP level 9. HP: 48/48 MP: 7/10
   884 | D        | Noticed a burning bush
   884 | D        | Noticed an oklob plant
   885 | D        | Noticed a wandering mushroom
   900 | D        | Killed a wandering mushroom
   904 | D        | Killed a burning bush
   905 | D        | Reached skill level 21 in Stealth
   921 | D        | Splashed by an oklob plant's acid

Illustrated notes

Levels and vault maps discovered:
D:        dungeon_sprint_fedhas [sprint_temple]

Skill      XL: |  1  2  3  4  5  6  7  8  9 |
---------------+----------------------------+-----
Dodging        | 2 3 4 5 7 8 9 |  9.4
Stealth        | 7 9 12 13 15 17 19 20 21 | 21.2
Fighting       | 2 3 4 5 6 |  6.0
Throwing       | 3 4 5 6 |  6.1
Short Blades   | 3 4 |  4.8
Evocations     | 1 4 6 8 |  8.8
Shields        | 2 3 4 |  4.0

Action                   |  1- 3 |  4- 6 |  7- 9 || total
-------------------------+-------+-------+-------++-------
Melee: Dagger            |     5 |     7 |    49 ||    61
Throw: Dart              |     9 |     9 |       ||    18
 Abil: Evoke Invisibilit |       |     3 |     4 ||     7
  Use: Scroll            |       |     1 |     2 ||     3
       Potion            |       |       |     1 ||     1
 Stab: Sleeping          |     2 |     5 |     9 ||    16
       Invisible         |       |     1 |     3 ||     4
       Distracted        |       |       |     1 ||     1
Armor: Robe              |     1 |       |       ||     1
Dodge: Dodged            |     3 |     6 |     6 ||    15
Block: Buckler           |       |       |     2 ||     2
